fx, chaotic female elven Wizard ---- --..-- |....---- --......-- |.......---- --..........-- |............| --- --........<..-- --.----- ---.--.......| --...--.---- ---|.)---.-- -- |........|.---- ----.-- -- -- -...... ---.............-----....| -...........*...[..........(............||.....--- |.............*.*...... ----.............--..-....| |.................. --.......M.u^..........| |..............) |....|..M@..........--- | -- | -- | - --.--|..--.--.------- --- ---------- fx the Thaumaturge Experience level: 7 Strength: 10 Dexterity: 13 Constitution: 12 Intelligence: 20 Wisdom: 10 Charisma: 10 Health: 0(35) Energy: 47(59) Def: 2 Gold: 139 Moves: 3561 Dungeon seed: xTusHIXKCAVix2ZW Game ID: fx_1570039599 Your Inventory: Coins $ - 139 gold pieces Weapons a - a blessed +1 quarterstaff (weapon in hands) C - 11 cursed +0 daggers F - 8 +0 daggers Armor e - an uncursed +0 cloak of magic resistance (being worn) y - a blessed +0 orcish helm (being worn) Comestibles u - an uncursed carrot G - an uncursed cram ration H - an uncursed pancake Scrolls q - an uncursed scroll of teleportation s - an uncursed scroll of light Spellbooks v - an uncursed spellbook of detect monsters P - an uncursed spellbook of haste self Potions w - an uncursed potion of gain level Rings c - an uncursed ring of sustain ability (on left hand) d - an uncursed ring of slow digestion (on right hand) Wands t - a wand of probing (0:7) Tools m - a cursed magic lamp (lit) r - a cursed wax candle (0:400) E - a +0 pick-axe K - an uncursed partly used wax candle (0:284) Spells and supernatural/magical abilities: Name Level Category Fail Memory a - force bolt 1 attack 0% 83% k - knock 1 matter 0% 83% m - magic missile 2 attack 0% 86% H - haste self 3 escape 75% 95% O - create monster 2 clerical 48% 83% W - pray for help -- divine ? -- Your skills at the end: Fighting Skills Weapon Skills dagger [Basic] quarterstaff [Basic] Spellcasting Skills attack spells [Skilled] enchantment spells [Basic] Final Attributes: You were piously aligned. You were sleep resistant. You were magic-protected. You had infravision. You had slower digestion. You had fixed abilities. You are dead. Vanquished creatures: 2 small mimics a dwarf king a pony a violet fungus 6 gnome lords 4 gnomish wizards 2 giant ants 2 kittens 6 dwarves a kobold lord 3 rothes a giant bat 5 monkeys an iguana an acid blob 2 coyotes 2 hobbits 2 manes 3 large kobolds a green mold 32 gnomes 2 garter snakes 2 jackals 3 foxes a kobold a goblin 2 grid bugs 3 lichens a kobold zombie 5 newts 99 creatures vanquished. Voluntary challenges: You had been an atheist until turn 2524. You used a wielded weapon 59 times, starting on turn 7. You read items or engraved 17 times, starting on turn 46. You never genocided any monsters. You never polymorphed an object. You never changed form. You used no wishes. You never split a pudding. You wrote Elbereth's name 4 times, starting on turn 328. You never violated your personal moral code. Dungeon overview: The Dungeons of Doom: levels 1 to 3 Level 1 a long staircase Level 2 ($) an armor shop, a fountain stairs to The Gnomish Mines Level 3 The Gnomish Mines: levels 3 to 7 Level 3 stairs to The Dungeons of Doom Level 4 Level 5 Level 6 some shops, a temple to Ptah, some fountains, a sink Level 7 <- You were here History has recorded: On T:1 you entered the Dungeons of Doom to retrieve the Amulet of Yendor! On T:281 you reached level 2 of The Dungeons of Doom. On T:445 you advanced to experience level 2. On T:603 you reached level 1 of The Gnomish Mines. On T:878 you reached level 3 of The Dungeons of Doom. On T:904 you advanced to experience level 3. On T:945 you advanced to experience level 4. On T:1279 you reached level 2 of The Gnomish Mines. On T:1310 you advanced to experience level 5. On T:1675 you reached level 3 of The Gnomish Mines. On T:1779 you advanced to experience level 6. On T:2453 you reached level 4 of The Gnomish Mines. On T:2861 you advanced to experience level 7. On T:2977 you reached level 5 of The Gnomish Mines. Score breakdown: Gold: 139 ( 7300 points) Experience: 7 levels (13645 points) Exploration: 7 levels ( 14.89%) (10834 points) Discoveries: 12 items ( 4.35%) ( 6255 points) Valuables value: (no points given unless you survive) Artifact value: 0 ( 0 points) Variety of kills: 30 monsters ( 7.87%) ( 8418 points) Turncount: 3561 turns ( -853 points) Survival: died (score multiplied by 80%) Total score: 36479 Latest messages: You miss Orko's ghost. (2x) You hear a distant squeak. You hit Orko's ghost. Orko's ghost turns to flee! You hit Orko's ghost! You miss Orko's ghost. (2x) You see here a violet spellbook. v - a violet spellbook. There is nothing here to pick up. You hit the manes. You destroy the manes! The manes picks up a lizard corpse. The elf mummy hits! You hit the elf mummy! The elf mummy hits! You hit the elf mummy! The elf mummy hits! You miss the manes. The elf mummy hits! You destroy the manes! The elf mummy hits! The gnome mummy hits! You see here a lizard corpse. The white unicorn butts! You die... Final status: Goodbye fx the Wizard, killed by a white unicorn... You died in The Gnomish Mines on dungeon level 7 with 36479 points, and 139 pieces of gold, after 3561 moves. You were level 7 with a maximum of 35 hit points when you died.